[Event "Titled Tuesday Blitz December 14 2021"]
[White "Aggelis, Nikolaos"]
[Black "Erdogdu, Mert"]
[WhiteFideId "4213220"]
[BlackFideId "6301495"]
[WhiteElo "2154"]
[BlackElo "2485"]
[Result "0-1"]
[Round "11"]
[TimeControl "180+1"]
[Date "2021.12.14"]
[WhiteClock "0:02:27"]
[BlackClock "0:02:28"]

1. d4 d5 2. Nf3 e6 3. g3 c5 4. Bg2 Nf6 5. O-O Nc6 6. c4 Be7 7. cxd5 exd5 8. dxc5 Bxc5 9. Bg5 O-O 10. Nc3 d4 11. Ne4 Be7 12. Nxf6+ Bxf6 13. Bxf6 Qxf6 14. Qd2 Bg4 15. h3 Bh5 16. Rfd1 Rad8 17. Rac1 Rfe8 18. a3 d3 19. g4 dxe2 0-1


[Site "https://www.chess.com"]

[Event "Titled Tuesday Blitz December 14 2021"]
[White "Andreikin, Dmitry"]
[Black "Jobava, Baadur"]
[WhiteFideId "4158814"]
[BlackFideId "13601520"]
[WhiteElo "2736"]
[BlackElo "2689"]
[Result "1/2-1/2"]
[Round "11"]
[TimeControl "180+1"]
[Date "2021.12.14"]
[WhiteClock "0:00:05"]
[BlackClock "0:00:14"]

1. e4 e6 2. d4 d5 3. Nc3 dxe4 4. Nxe4 Bd7 5. Nf3 Bc6 6. Bd3 Nd7 7. O-O Ngf6 8. Ng3 g6 9. b3 Bg7 10. Ba3 Bf8 11. Bb2 Bg7 12. Qe2 O-O 13. c4 Re8 14. Rad1 b6 15. Ne5 Bb7 16. h4 c5 17. dxc5 Qc7 18. Nxd7 Nxd7 19. cxb6 axb6 20. Bxg7 Kxg7 21. Be4 f5 22. Bxb7 Qxb7 23. Rd6 e5 24. Qd2 Nf8 25. Qg5 Kh8 26. a4 Rab8 27. Rfd1 Qg7 28. h5 Ne6 29. Qh4 Kg8 30. Rd7 Qh6 31. Qf6 Qf8 32. Qxe5 Nc5 33. Qd5+ Kh8 34. Qd4+ Kg8 35. Rd6 Qf7 36. hxg6 hxg6 37. Rf6 Ne6 38. Qh4 Qg7 39. Nxf5 gxf5 40. Rd6 Nf8 41. Rxf5 Re1+ 42. Kh2 Re5 43. Rdf6 Rbe8 44. f4 Rxf5 45. Rxf5 Ne6 46. Re5 Kf8 47. Qh5 Re7 48. Qf5+ Qf7 49. Qxf7+ Kxf7 50. f5 Nc5 51. Rxe7+ Kxe7 52. g4 Nxb3 53. Kg3 Na5 54. Kf4 Nxc4 55. g5 Nb2 56. Ke5 Nc4+ 57. Kf4 Kf7 58. Ke4 Nb2 59. Ke5 Nxa4 60. g6+ Kg7 61. Kd5 Nc5 62. Kc6 Ne4 63. Kxb6 Nd6 64. Kc6 Nxf5 65. Kd5 Kxg6 1/2-1/2


[Site "https://www.chess.com"]

[Event "Titled Tuesday Blitz December 14 2021"]
[White "Azadaliyev, Jahandar"]
[Black "Vidit, Santosh Gujrathi"]
[WhiteFideId "13425811"]
[BlackFideId "5029465"]
[WhiteElo "1795"]
[BlackElo "2628"]
[Result "0-1"]
[Round "11"]
[TimeControl "180+1"]
[Date "2021.12.14"]
[WhiteClock "0:00:03"]
[BlackClock "0:00:11"]

1. d4 Nf6 2. c4 e6 3. Nf3 d5 4. g3 Bb4+ 5. Nbd2 O-O 6. a3 Be7 7. Bg2 b6 8. O-O Bb7 9. Ne5 c5 10. cxd5 Bxd5 11. dxc5 Bxc5 12. Bxd5 Qxd5 13. Ndf3 Qb7 14. b4 Be7 15. Bb2 Ne4 16. Rc1 f6 17. Nd3 e5 18. Qb3+ Kh8 19. Rfd1 Nd7 20. Qe6 Rae8 21. Nf4 Ndc5 22. bxc5 Bxc5 23. Qd5 Qxd5 24. Nxd5 Nxf2 25. Rxc5 Nxd1 26. Rc2 Rc8 27. Rd2 Nxb2 28. Rxb2 Rfd8 29. e4 Rc1+ 30. Kf2 Rdc8 31. Ne1 R8c4 32. Rd2 h5 33. Re2 Kh7 34. h4 b5 35. Ke3 a5 36. Nd3 Ra1 37. Rd2 Rxa3 38. Nb6 Rd4 39. Nd5 a4 40. Nc7 Rb3 41. Na6 a3 42. Nc5 Rc3 43. Ke2 b4 44. Na4 Rcxd3 45. Rxd3 Rxd3 46. Kxd3 a2 0-1


[Site "https://www.chess.com"]

[Event "Titled Tuesday Blitz December 14 2021"]
[White "Bacrot, Etienne"]
[Black "Atabayev, Saparmyrat"]
[WhiteFideId "605506"]
[BlackFideId "14000571"]
[WhiteElo "2673"]
[BlackElo "2483"]
[Result "0-1"]
[Round "11"]
[TimeControl "180+1"]
[Date "2021.12.14"]
[WhiteClock "0:00:02"]
[BlackClock "0:01:08"]

1. d4 d5 2. Nf3 Nf6 3. c4 e6 4. Nc3 Bb4 5. e3 O-O 6. a3 Bxc3+ 7. bxc3 b6 8. cxd5 exd5 9. Bd3 Ba6 10. O-O Qc8 11. a4 c5 12. dxc5 bxc5 13. Re1 Bxd3 14. Qxd3 Qa6 15. Qxa6 Nxa6 16. Ba3 Rab8 17. c4 dxc4 18. Rec1 Nd5 19. Rxc4 Nb6 20. Rg4 Rfc8 21. Bb2 g6 22. Bf6 Nd5 23. Be5 Rb4 24. h3 c4 25. e4 Nb6 26. Rh4 c3 27. Ng5 h5 28. Rf4 Nd7 29. Bd6 Rd4 30. Ba3 c2 31. Rxf7 Rd1+ 32. Kh2 Ne5 0-1


[Site "https://www.chess.com"]

[Event "Titled Tuesday Blitz December 14 2021"]
[White "Bivol, Alina"]
[Black "Kucuksari, Kaan"]
[WhiteFideId "4100123"]
[BlackFideId "6380166"]
[WhiteElo "2167"]
[BlackElo "2305"]
[Result "1/2-1/2"]
[Round "11"]
[TimeControl "180+1"]
[Date "2021.12.14"]
[WhiteClock "0:00:07"]
[BlackClock "0:01:28"]

1. e4 c5 2. Nf3 e6 3. g3 a6 4. Bg2 b5 5. O-O Bb7 6. c3 Bxe4 7. d4 Nc6 8. Nbd2 Bd5 9. Re1 Nf6 10. b3 cxd4 11. c4 bxc4 12. bxc4 Bxf3 13. Nxf3 Bb4 14. Bd2 Bc3 15. Bxc3 dxc3 16. Qc2 Qa5 17. Ne5 Nxe5 18. Bxa8 O-O 19. Bg2 Nxc4 20. Rac1 d5 21. Qxc3 Qxa2 22. Ra1 Qb2 23. Qxb2 Nxb2 24. Rxa6 Nd3 25. Rd1 Nc5 26. Rc6 Ncd7 27. f4 Nb8 28. Rb6 Nfd7 29. Rb7 Nc5 30. Rb5 Na4 31. Rc1 Nd7 32. f5 Nab6 33. Rc6 exf5 34. Rcxb6 Nxb6 35. Rxb6 Rd8 36. Bxd5 g6 37. Bb3 Rd7 38. h4 Kg7 39. Kf2 Re7 40. Kf3 Rc7 41. Bd5 Rc5 42. Bb3 Rc3+ 43. Kf4 Rc7 44. Bd5 Rd7 45. Ke5 Re7+ 46. Kd4 h6 47. Rb7 Rxb7 48. Bxb7 Kf6 49. Bd5 Ke7 50. Ke5 f6+ 51. Kf4 Kf8 52. Bf3 h5 53. Bd1 Ke7 54. Bb3 Ke8 55. Bc4 Kf8 56. Be6 Ke7 57. Bg8 Kf8 58. Bb3 Kg7 59. Bc2 Kh6 60. Bxf5 gxf5 61. Kxf5 Kg7 62. g4 hxg4 63. Kxg4 Kg6 1/2-1/2


[Site "https://www.chess.com"]

[Event "Titled Tuesday Blitz December 14 2021"]
[White "Bortnyk, Olexandr"]
[Black "Paravyan, David"]
[WhiteFideId "14120828"]
[BlackFideId "4194985"]
[WhiteElo "2723"]
[BlackElo "2656"]
[Result "1/2-1/2"]
[Round "11"]
[TimeControl "180+1"]
[Date "2021.12.14"]
[WhiteClock "0:00:10"]
[BlackClock "0:00:12"]

1. e4 c5 2. c3 d5 3. exd5 Qxd5 4. d4 Nc6 5. Be3 Bf5 6. dxc5 Nf6 7. Na3 e6 8. Nf3 O-O-O 9. Bc4 Qxd1+ 10. Rxd1 Rxd1+ 11. Kxd1 Ng4 12. b4 a5 13. Nb5 axb4 14. cxb4 Nxb4 15. Bd4 Nc6 16. h3 Nxd4 17. hxg4 Nxf3 18. gxf5 Ne5 19. Bb3 exf5 20. Ke2 Bxc5 21. Rc1 b6 22. Nd6+ Kc7 23. Nxf7 Re8 24. Nxe5 Rxe5+ 25. Kf3 Re7 26. Kf4 g6 27. f3 Re2 28. Rc2 Re1 29. Kg5 Kd6 30. Kh6 Rh1+ 31. Kg7 Bd4+ 32. Kf7 Rh2 33. Re2 Kc5 34. Rc2+ Kb5 35. Ke6 Bc5 36. Kd5 Kb4 37. Rc4+ Ka3 38. Rc2 h5 39. Ke6 h4 40. Kf6 h3 41. gxh3 Rxh3 42. f4 Rh4 43. Kxg6 Rxf4 44. Be6 Rf3 45. Bxf5 Rf2 46. Rxf2 Bxf2 47. Be6 Bc5 48. Kf5 Kb4 49. Ke4 Ka5 50. Kd3 Bd6 51. Bb3 Bc5 52. Kc4 Ka6 53. Kd5 Ka5 54. Kc6 Kb4 55. Kd5 Ka3 56. Kc6 Kb4 57. Kd5 Ka3 58. Kc6 Kb4 1/2-1/2


[Site "https://www.chess.com"]

[Event "Titled Tuesday Blitz December 14 2021"]
[White "Coto Mederos, Michel"]
[Black "Djordjevic, Vuk"]
[WhiteFideId "3508528"]
[BlackFideId "902098"]
[WhiteElo "2427"]
[BlackElo "2463"]
[Result "0-1"]
[Round "11"]
[TimeControl "180+1"]
[Date "2021.12.14"]
[WhiteClock "0:00:01"]
[BlackClock "0:00:01"]

1. d4 Nf6 2. c4 c5 3. d5 b5 4. Qc2 bxc4 5. e4 d6 6. Bxc4 g6 7. Nf3 Bg7 8. O-O O-O 9. h3 a5 10. Na3 Ba6 11. Nb5 a4 12. Bd2 Nbd7 13. Rfe1 Qb6 14. Na3 Rfb8 15. Rab1 Ne8 16. Qxa4 Bxc4 17. Qxc4 Qa6 18. Qc2 Qa4 19. Qc1 Nc7 20. Bc3 Nf6 21. Nd2 Bh6 22. Qd1 Qxd1 23. Rbxd1 Nd7 24. Ndc4 Ra4 25. b3 Ra7 26. Re2 Bg7 27. Bxg7 Kxg7 28. Nb1 Rba8 29. Nc3 Na6 30. e5 dxe5 31. Nxe5 Nxe5 32. Rxe5 Nb4 33. a4 Rd7 34. d6 exd6 35. Rxc5 dxc5 36. Rxd7 Re8 37. g3 Re1+ 38. Kg2 Rc1 39. Ne4 Rc2 40. Ng5 Rc3 41. Rxf7+ Kg8 42. Rc7 Nd3 43. Ne4 Rxb3 44. Nxc5 Ne1+ 45. Kf1 Rb1 46. Ke2 Nc2 47. Kf3 Nd4+ 48. Kg2 Nf5 49. Ne6 Rb2 50. Ng5 Ne3+ 0-1


[Site "https://www.chess.com"]

[Event "Titled Tuesday Blitz December 14 2021"]
[White "Csonka, Balazs"]
[Black "Zierk, Steven"]
[WhiteFideId "742910"]
[BlackFideId "2034255"]
[WhiteElo "2404"]
[BlackElo "2494"]
[Result "1/2-1/2"]
[Round "11"]
[TimeControl "180+1"]
[Date "2021.12.14"]
[WhiteClock "0:00:04"]
[BlackClock "0:00:12"]

1. e4 e6 2. d4 d5 3. Nc3 Bb4 4. Ne2 dxe4 5. a3 Be7 6. Nxe4 Nf6 7. Nxf6+ Bxf6 8. Be3 b6 9. Nf4 Bb7 10. Nh5 Nd7 11. Nxf6+ Nxf6 12. Bb5+ c6 13. Be2 Nd5 14. Bc1 Qf6 15. O-O O-O 16. c3 Rad8 17. Qc2 Rfe8 18. Bd3 h6 19. Bd2 c5 20. dxc5 Nf4 21. Bxf4 Qxf4 22. Rfd1 Rd5 23. Bh7+ Kh8 24. Rxd5 Bxd5 25. Bd3 bxc5 26. c4 Bc6 27. Rd1 Rd8 28. Bf1 Rd4 29. b4 Qd6 30. Rxd4 Qxd4 31. b5 Be4 32. Qa4 Qa1 33. Qb3 Qc1 34. h3 e5 35. a4 Qe1 36. Qe3 Qxe3 37. fxe3 Kg8 38. a5 Kf8 39. Be2 Ke7 40. Bf3 Bd3 41. b6 axb6 42. axb6 Kd6 43. Bd5 f5 44. Kf2 g5 45. Ke1 f4 46. Kf2 Bf5 47. exf4 exf4 48. g3 Bxh3 49. gxf4 gxf4 50. Kf3 Bd7 51. Kxf4 Bh3 52. Kg3 Bf5 53. Kh4 Bg6 54. Kg4 Kd7 55. Kh4 Kc8 56. Kg4 Kd7 57. Kh4 Kd6 58. Kg4 Be8 59. Kh4 Bg6 1/2-1/2


[Site "https://www.chess.com"]

[Event "Titled Tuesday Blitz December 14 2021"]
[White "Donchenko, Alexander"]
[Black "Stoleriu, George"]
[WhiteFideId "24603295"]
[BlackFideId "1227505"]
[WhiteElo "2494"]
[BlackElo "2199"]
[Result "0-1"]
[Round "11"]
[TimeControl "180+1"]
[Date "2021.12.14"]
[WhiteClock "0:00:10"]
[BlackClock "0:00:09"]

1. d4 e6 2. c4 Nf6 3. g3 Bb4+ 4. Nd2 O-O 5. Bg2 Nc6 6. Nf3 d6 7. O-O Bxd2 8. Bxd2 e5 9. d5 Nb8 10. b4 Bg4 11. h3 Bh5 12. Bc3 Nbd7 13. Rc1 Re8 14. Bb2 b6 15. Nd2 a5 16. a3 axb4 17. axb4 Qe7 18. g4 Bg6 19. Qb3 h5 20. g5 Nh7 21. h4 f6 22. gxf6 gxf6 23. Ra1 f5 24. Qg3 Kf7 25. f4 Rxa1 26. Bxa1 exf4 27. Qxf4 Qxe2 28. Ne4 Ndf6 29. Ng3 Qe3+ 30. Qxe3 Rxe3 31. Nxf5 Bxf5 32. Rxf5 Re1+ 33. Rf1 Rxf1+ 34. Kxf1 Ng4 35. Ke2 Nhf6 36. Bd4 Nh6 37. Bf3 Nfg4 38. Be4 Nf6 39. Bd3 Nhg4 40. Bf5 Nh6 41. Be6+ Ke7 42. Kf3 Nhg4 43. Kf4 Nh2 44. Bc3 c5 45. bxc5 bxc5 46. Bd2 Nhg4 47. Bc3 Nh2 48. Kg5 Nf3+ 49. Kf4 Nxh4 50. Be1 Ng6+ 51. Kg5 Ne5 52. Bh4 Nf3+ 53. Kf4 Nxh4 54. Kg5 Nf3+ 55. Kg6 Ne5+ 56. Kf5 Nxc4 57. Kf4 Nb6 58. Kg5 Nbxd5 59. Kg6 Kxe6 60. Kg7 c4 61. Kf8 c3 62. Kg7 c2 63. Kf8 c1=Q 64. Kg7 Qg5+ 65. Kh8 Qg8# 0-1


[Site "https://www.chess.com"]

[Event "Titled Tuesday Blitz December 14 2021"]
[White "Durarbayli, Vasif"]
[Black "Shipov, Sergei"]
[WhiteFideId "13402935"]
[BlackFideId "4113624"]
[WhiteElo "2599"]
[BlackElo "2745"]
[Result "0-1"]
[Round "11"]
[TimeControl "180+1"]
[Date "2021.12.14"]
[WhiteClock "0:00:01"]
[BlackClock "0:00:19"]

1. e4 e6 2. d4 d5 3. e5 Bd7 4. Nf3 a6 5. Nc3 c5 6. dxc5 Bxc5 7. Bd3 Nc6 8. O-O Nge7 9. Qe2 Ng6 10. Re1 O-O 11. Bg5 Nd4 12. Nxd4 Qxg5 13. Nf3 Qf4 14. g3 Qg4 15. Nd2 Qxe2 16. Rxe2 Bd4 17. Nf3 Bxc3 18. bxc3 Rfc8 19. Rb1 b5 20. Rb3 Rc5 21. Bxg6 hxg6 22. Nd4 Rac8 23. Re3 a5 24. Kf1 a4 25. Rb4 Rxc3 26. Ke2 R3c5 27. Kd2 g5 28. c3 Kh7 29. Nf3 f6 30. h4 gxh4 31. Rxh4+ Kg6 32. Rg4+ Kf7 33. a3 Rc4 34. Rd4 Rh8 35. Re1 Rc5 36. Rf4 Ke7 37. Rg4 Rh7 38. Nd4 Kf7 39. Rf4 Rc4 40. g4 Rh3 41. Re3 Rxe3 42. fxe3 Kg6 43. Nf3 Rc8 44. g5 fxg5 45. Rg4 Rh8 46. Rxg5+ Kf7 47. Rg1 Rh5 48. Kd3 Be8 49. Kd4 Kf8 50. Kc5 Rh3 51. Rf1 Ke7 52. Kd4 Bh5 53. Ng5 Rh4+ 0-1


[Site "https://www.chess.com"]

[Event "Titled Tuesday Blitz December 14 2021"]
[White "Goryachkina, Aleksandra"]
[Black "Sychev, Klementy"]
[WhiteFideId "4147103"]
[BlackFideId "4114060"]
[WhiteElo "2441"]
[BlackElo "2615"]
[Result "1-0"]
[Round "11"]
[TimeControl "180+1"]
[Date "2021.12.14"]
[WhiteClock "0:00:10"]
[BlackClock "0:00:03"]

1. e4 g6 2. d4 Bg7 3. c4 Nc6 4. d5 Nd4 5. Nc3 c5 6. Be3 d6 7. Nge2 Qb6 8. Qd2 e5 9. dxe6 Bxe6 10. O-O-O Nxe2+ 11. Bxe2 O-O-O 12. Nb5 Ne7 13. Bf4 Be5 14. Bxe5 dxe5 15. Qg5 Nc6 16. Bg4 Nb4 17. Bxe6+ Qxe6 18. Nxa7+ Kb8 19. Rxd8+ Kxa7 20. Rd5 Qa6 21. Qxe5 Qxc4+ 22. Kd2 Qc2+ 23. Ke3 Nxd5+ 24. Qxd5 f5 25. Rd1 Re8 26. f3 fxe4 27. fxe4 Rf8 28. Qd2 Qc4 29. Rc1 Qb5 30. Qc3 Rc8 31. b4 Kb8 32. bxc5 Rc6 33. Qe5+ Ka7 34. Rc3 Qb1 35. Ra3+ Ra6 36. Rxa6+ Kxa6 37. Qd6+ Ka5 38. Qb6+ Qxb6 39. cxb6 Kxb6 40. Kd4 Kc6 41. Ke5 Kd7 42. Kf6 1-0


[Site "https://www.chess.com"]

[Event "Titled Tuesday Blitz December 14 2021"]
[White "Harshavardhan G B"]
[Black "Maksimovic, Bojan"]
[WhiteFideId "25059009"]
[BlackFideId "14408120"]
[WhiteElo "1825"]
[BlackElo "2458"]
[Result "1-0"]
[Round "11"]
[TimeControl "180+1"]
[Date "2021.12.14"]
[WhiteClock "0:01:11"]
[BlackClock "0:00:01"]

1. f4 d5 2. c4 d4 3. Nf3 Nc6 4. g3 g6 5. Bg2 Bg7 6. O-O Nh6 7. d3 O-O 8. Nbd2 Nf5 9. Nb3 a5 10. a4 Ra6 11. Bd2 Ne3 12. Bxe3 dxe3 13. Rb1 Rb6 14. Qc2 Rb4 15. Nc5 Bg4 16. b3 Bxf3 17. Bxf3 Nd4 18. Qd1 c6 19. Ne4 Qb6 20. c5 Qd8 21. Qc1 Nxb3 22. Qa3 Nd2 23. Rxb4 axb4 24. Qxb4 Nxf1 25. Kxf1 Qc7 26. h4 h6 27. h5 f5 28. Nc3 g5 29. Nd1 g4 30. Bg2 e5 31. Nxe3 exf4 32. gxf4 Kh8 33. Qc4 Qe7 34. Nc2 Qh4 35. Qb3 Qe7 36. d4 Qf7 37. Qxf7 Rxf7 38. e3 Bf6 39. Ke2 Bd8 40. Kd3 Ba5 41. Kc4 Kg7 42. Nb4 Bxb4 43. Kxb4 Kf6 44. Ka5 Rf8 45. Kb6 Ra8 46. Kxb7 Rxa4 47. Kxc6 Ra2 48. Bd5 g3 49. Kd7 g2 50. Bxg2 Rxg2 51. c6 Rg7+ 52. Kd6 Ra7 53. c7 Ra6+ 54. Kd7 Ra7 55. d5 Kf7 56. Kd8 Ra5 57. d6 Rd5 58. d7 Ke6 59. c8=Q Rd6 60. Qc4+ Kf6 61. Ke8 Re6+ 62. Kf8 Re8+ 63. dxe8=N# 1-0


[Site "https://www.chess.com"]

[Event "Titled Tuesday Blitz December 14 2021"]
[White "Holt, Conrad"]
[Black "Xiong, Jeffery"]
[WhiteFideId "2034387"]
[BlackFideId "2047640"]
[WhiteElo "2586"]
[BlackElo "2727"]
[Result "0-1"]
[Round "11"]
[TimeControl "180+1"]
[Date "2021.12.14"]
[WhiteClock "0:00:01"]
[BlackClock "0:00:24"]

1. d4 Nf6 2. c4 e6 3. Nc3 d5 4. cxd5 exd5 5. Bg5 Be7 6. e3 c6 7. Bd3 O-O 8. Qc2 h6 9. Bh4 a5 10. Nf3 Na6 11. a3 Nc7 12. O-O Ne6 13. Rfd1 Re8 14. Rac1 b6 15. Ne5 Bb7 16. b4 axb4 17. axb4 Bxb4 18. Bh7+ Kf8 19. Bxf6 gxf6 20. Nd3 Bd6 21. Qe2 Ng7 22. Qg4 f5 23. Bxf5 Qg5 24. Bd7 Re7 25. Ne2 Qxg4 26. Bxg4 Ne6 27. Rb1 Ba6 28. Bxe6 Bxd3 29. Rxd3 fxe6 30. Rc3 c5 31. Rxb6 cxd4 32. exd4 Ra1+ 33. Rc1 Rxc1+ 34. Nxc1 Rc7 35. Ne2 Ke7 36. Rb2 e5 37. dxe5 Bxe5 38. Rd2 Kd6 39. g3 Rc4 40. Kg2 Kc5 41. Kf3 Bc7 42. Rd3 Be5 43. Ke3 Re4+ 44. Kd2 Ra4 45. f4 Bf6 46. Ke3 Kc4 47. g4 Ra8 48. Rd1 Ra3+ 49. Kf2 d4 50. Rc1+ Kd5 51. Rd1 Ke4 52. h3 Bh4+ 53. Kg2 d3 0-1


[Site "https://www.chess.com"]

[Event "Titled Tuesday Blitz December 14 2021"]
[White "Ibrahimli, Murad"]
[Black "Papasimakopoulos, Alexandros"]
[WhiteFideId "13410229"]
[BlackFideId "4244125"]
[WhiteElo "2109"]
[BlackElo "2394"]
[Result "0-1"]
[Round "11"]
[TimeControl "180+1"]
[Date "2021.12.14"]
[WhiteClock "0:00:08"]
[BlackClock "0:00:16"]

1. e4 e6 2. d4 d5 3. e5 b6 4. Ne2 Ba6 5. h4 h5 6. g3 c5 7. c3 Qd7 8. Be3 Nh6 9. Bxh6 Rxh6 10. Nd2 Nc6 11. Nf3 Be7 12. Nf4 Bxf1 13. Kxf1 g6 14. Kg2 Rh8 15. a3 c4 16. Nh3 O-O-O 17. Re1 Rdf8 18. Re3 Kb7 19. Nfg5 Bxg5 20. Nxg5 Ne7 21. a4 a6 22. Re1 Nf5 23. Qf3 Rc8 24. Reb1 Rc7 25. Qf4 Ka7 26. Nf3 Qe7 27. b3 cxb3 28. Rxb3 Rhc8 29. Rab1 Rb7 30. Nd2 Rc6 31. Qf3 Qc7 32. Qd3 Qd7 33. Kh2 Rc8 34. Ra3 g5 35. hxg5 Qe7 36. Ra2 Qxg5 37. Qf3 Rg8 38. Rg1 Rc7 39. Nb3 a5 40. Nc1 Rgc8 41. Ne2 Rh8 42. Ra3 Qd2 43. Rga1 Nh6 44. R3a2 Qg5 45. Qf4 Qg6 46. f3 Nf5 47. Rb2 Rc6 48. Rab1 Rg8 49. Kh3 Rg7 50. Rg1 Rg8 51. Qd2 f6 52. Nf4 Qf7 53. exf6 Qxf6 54. Nd3 Rxg3+ 55. Rxg3 Qh4+ 56. Kg2 Qxg3+ 57. Kf1 Qxf3+ 58. Ke1 Qh1+ 59. Ke2 Rc8 60. Qf4 Qg2+ 61. Kd1 Qe4 62. Qxe4 dxe4 63. Ne5 Rxc3 64. Rg2 Ne3+ 65. Kd2 Nxg2 66. Kxc3 h4 67. Ng4 h3 68. Kd2 b5 69. axb5 a4 0-1


[Site "https://www.chess.com"]

[Event "Titled Tuesday Blitz December 14 2021"]
[White "Leitao, Rafael"]
[Black "Moroni, Luca Jr"]
[WhiteFideId "2101246"]
[BlackFideId "865834"]
[WhiteElo "2609"]
[BlackElo "2491"]
[Result "1-0"]
[Round "11"]
[TimeControl "180+1"]
[Date "2021.12.14"]
[WhiteClock "0:00:06"]
[BlackClock "0:00:03"]

1. c4 g6 2. Nc3 Bg7 3. g3 d6 4. Bg2 Nc6 5. Nf3 Bd7 6. d4 Qc8 7. O-O Bh3 8. d5 Ne5 9. Nxe5 Bxe5 10. f4 Bxc3 11. bxc3 h5 12. e4 h4 13. f5 Bxg2 14. Kxg2 hxg3 15. hxg3 Nf6 16. Rh1 Rxh1 17. Qxh1 Nxe4 18. fxg6 Qg4 19. gxf7+ Kxf7 20. Qh7+ Ke8 21. Bf4 Qe2+ 22. Kg1 Qf2+ 23. Kh1 Qf3+ 24. Kg1 Qf2+ 25. Kh1 Nxg3+ 26. Bxg3 Qxg3 27. Qh8+ Kd7 28. Qxa8 Qh3+ 29. Kg1 Qg3+ 30. Kh1 Qf3+ 31. Kg1 Qg4+ 32. Kh1 Qh3+ 33. Kg1 Qxc3 34. Rf1 Qg3+ 35. Kh1 Qh4+ 36. Kg1 Qd4+ 37. Rf2 Qd1+ 38. Kg2 Qg4+ 39. Kf1 Qxc4+ 40. Kg1 Qc1+ 41. Kg2 Qg5+ 42. Kf1 Qxd5 43. Qxa7 Qd1+ 44. Kg2 Qg4+ 45. Kf1 Qc4+ 46. Kg1 Qg4+ 47. Kf1 b5 48. Qe3 Qc4+ 49. Re2 e5 50. Qe4 Qc1+ 51. Re1 Qd2 52. Re2 Qc1+ 53. Kf2 Qc5+ 54. Kg2 Qc1 55. Qf5+ Kd8 56. Qf8+ Kd7 57. Qf5+ Kd8 58. Rc2 Qh6 59. Qf7 Qg5+ 60. Kf1 c5 61. Qh7 c4 62. Rg2 Qc1+ 63. Kf2 Qf4+ 64. Kg1 Qe3+ 65. Kh1 Qf3 66. Kh2 Qf4+ 67. Kg1 Qc1+ 68. Kh2 Qf4+ 69. Kh1 Qf3 70. Kg1 Qe3+ 71. Kf1 Qc1+ 72. Kf2 Qf4+ 73. Ke2 Qf8 74. Rg8 Qxg8 75. Qxg8+ Kc7 76. Qd5 Kb6 77. Kd2 Ka5 78. Qxd6 Ka4 79. Kc3 e4 80. Qb4# 1-0


[Site "https://www.chess.com"]

[Event "Titled Tuesday Blitz December 14 2021"]
[White "Maly, Alexey"]
[Black "Tsydypov, Zhamsaran"]
[WhiteFideId "14103184"]
[BlackFideId "4108566"]
[WhiteElo "2294"]
[BlackElo "2614"]
[Result "1/2-1/2"]
[Round "11"]
[TimeControl "180+1"]
[Date "2021.12.14"]
[WhiteClock "0:00:08"]
[BlackClock "0:00:17"]

1. d4 Nf6 2. c4 g6 3. Nc3 Bg7 4. e4 d6 5. Be2 O-O 6. Nf3 Bg4 7. Ng1 Bd7 8. Nf3 Nc6 9. O-O e5 10. d5 Ne7 11. Ne1 Ne8 12. Be3 f5 13. f3 f4 14. Bf2 g5 15. c5 h5 16. a4 Rf6 17. a5 Rg6 18. h3 g4 19. fxg4 hxg4 20. Bxg4 Bxg4 21. hxg4 Nf6 22. cxd6 cxd6 23. Bh4 Nxg4 24. Rf3 Qc7 25. Nd3 Ne3 26. Rxe3 fxe3 27. Qe2 Bh6 28. a6 bxa6 29. Rxa6 Qd7 30. Qh5 Kh7 31. Nxe5 dxe5 32. Re6 Re8 33. Bg5 Rxe6 34. Qf7+ Bg7 35. dxe6 Qd8 36. Qh5+ Kg8 37. Qf7+ Kh8 38. Qh5+ Kg8 39. Qf7+ Kh8 40. Qh5+ Kg8 1/2-1/2


[Site "https://www.chess.com"]

[Event "Titled Tuesday Blitz December 14 2021"]
[White "Martinez Alcantara, Jose Eduardo"]
[Black "Nakamura, Hikaru"]
[WhiteFideId "3805662"]
[BlackFideId "2016192"]
[WhiteElo "2690"]
[BlackElo "2884"]
[Result "1-0"]
[Round "11"]
[TimeControl "180+1"]
[Date "2021.12.14"]
[WhiteClock "0:00:14"]
[BlackClock "0:00:15"]

1. e4 c5 2. Nf3 d6 3. c3 Nf6 4. h3 Nc6 5. Bd3 d5 6. e5 Ne4 7. Bb5 c4 8. d4 cxd3 9. O-O a6 10. Bxd3 Bf5 11. Qe2 e6 12. Nbd2 Nxd2 13. Bxd2 Bxd3 14. Qxd3 Bc5 15. b4 Ba7 16. a3 Rc8 17. Rac1 Ne7 18. Be3 Bxe3 19. Qxe3 O-O 20. Rfd1 Qc7 21. h4 Nf5 22. Qf4 Qe7 23. c4 dxc4 24. Rxc4 b5 25. Re4 Rc3 26. Nd4 Nxd4 27. Rexd4 Rxa3 28. Rd7 Qe8 29. Rc7 h6 30. Rdd7 Ra1+ 31. Kh2 Re1 32. Re7 Qb8 33. h5 Kh8 34. Rb7 Qc8 35. Rbc7 Qb8 36. Rxf7 Qxc7 37. Rxf8+ Kh7 38. Qg4 Qxe5+ 39. f4 Qe4 40. Rf7 1-0


[Site "https://www.chess.com"]

[Event "Titled Tuesday Blitz December 14 2021"]
[White "Mitusov, Semen"]
[Black "Arutinian, David"]
[WhiteFideId "14151049"]
[BlackFideId "13601741"]
[WhiteElo "2246"]
[BlackElo "2525"]
[Result "1/2-1/2"]
[Round "11"]
[TimeControl "180+1"]
[Date "2021.12.14"]
[WhiteClock "0:00:07"]
[BlackClock "0:00:38"]

1. e4 c6 2. d4 d5 3. e5 Bf5 4. h4 h5 5. Bg5 Qb6 6. Bd3 Bxd3 7. Qxd3 Qa6 8. Qxa6 Nxa6 9. e6 fxe6 10. Nf3 g6 11. Ne5 Bg7 12. Nxg6 Rh7 13. c3 c5 14. Ne5 cxd4 15. cxd4 Nb4 16. Kd2 Bxe5 17. dxe5 Nc6 18. Re1 Nh6 19. Nc3 Nf5 20. f3 Kf7 21. Rh1 Rg8 22. Rae1 Ke8 23. a3 Na5 24. Nb5 a6 25. Nc3 Nc4+ 26. Kc2 Nd4+ 27. Kb1 Kd7 28. Ka2 Rc8 29. Ne2 Nc6 30. f4 Ne3 31. g3 Nf5 32. Rc1 Rhh8 33. g4 hxg4 34. h5 Rcg8 35. Rcg1 Rh7 36. Rxg4 Rgh8 37. h6 Rg8 38. Rgg1 Ke8 39. Ng3 Ncd4 40. Nxf5 exf5 41. Rd1 Ne6 42. Rxd5 Nxg5 43. fxg5 Rxg5 44. Rc5 Rg6 45. Rc7 b6 46. Re1 Rhxh6 47. Ra7 a5 48. Rf1 Rh5 49. Rc1 Re6 50. Re1 f4 51. Rf1 Rf5 52. Rc7 Rexe5 53. Rc4 f3 54. Rc3 Rc5 55. Rcxf3 Rxf3 56. Rxf3 e5 57. Rf6 b5 58. Kb3 Ke7 59. Ra6 e4 60. Rxa5 e3 61. Ra7+ Ke8 62. Rh7 Kd8 63. Rh1 Re5 64. Re1 Kc7 65. Kc3 Kb6 66. Kd4 Rh5 67. Rxe3 Rh4+ 68. Kc3 Kc5 69. Re5+ Kc6 70. Rg5 Rf4 71. Kb3 Rh4 72. Rg3 Rf4 73. Kc3 Kb6 74. Rd3 Rh4 75. Rd4 Rh2 76. b3 Rh6 77. Kb4 Rg6 78. Re4 Rh6 79. Kc3 Rg6 80. Re5 Rh6 81. Re8 Rh3+ 82. Kb4 Rh4+ 83. Kc3 Rh3+ 84. Kc2 Rh2+ 85. Kd3 Rh3+ 86. Re3 Rh1 87. Kc3 Rh6 88. Kd4 Rh4+ 89. Kd5 Rh5+ 90. Re5 Rh3 91. Re6+ Kb7 92. b4 Rxa3 93. Kc5 Rh3 94. Kxb5 Rh7 95. Kc4 Rh4+ 96. Kc5 Rh5+ 97. Kc4 Rh4+ 98. Kc5 Rh5+ 99. Kc4 Rh4+ 1/2-1/2


[Site "https://www.chess.com"]

[Event "Titled Tuesday Blitz December 14 2021"]
[White "Nesterov, Arseniy"]
[Black "Kosteniuk, Alexandra"]
[WhiteFideId "24198455"]
[BlackFideId "4128125"]
[WhiteElo "2489"]
[BlackElo "2475"]
[Result "1-0"]
[Round "11"]
[TimeControl "180+1"]
[Date "2021.12.14"]
[WhiteClock "0:00:04"]
[BlackClock "0:00:05"]

1. d4 Nf6 2. c4 e6 3. Nf3 b6 4. a3 Bb7 5. Nc3 d5 6. cxd5 Nxd5 7. Qc2 Be7 8. e4 Nxc3 9. bxc3 O-O 10. Bd3 c5 11. O-O Nc6 12. d5 Na5 13. c4 b5 14. cxb5 c4 15. Be2 exd5 16. Rd1 Qb6 17. exd5 Bc5 18. Ng5 Bxf2+ 19. Kh1 f5 20. Ne6 Rf7 21. Bf3 Bh4 22. Bb2 Rc8 23. Bd4 Qd6 24. Qc3 Nb3 25. Be5 Qd7 26. Rab1 Bf6 27. a4 Qd6 28. Bxf6 Rxf6 29. Nd4 Rh6 30. h3 Qe5 31. d6 Bxf3 32. Qxf3 Nxd4 33. Qb7 Rd8 34. d7 Ne2 35. Re1 Re6 36. Qc8 Qf6 37. Qxc4 Rxd7 38. Rxe2 Kf7 39. Rbe1 Re7 40. a5 f4 41. b6 axb6 42. axb6 f3 43. Rxe6 fxg2+ 44. Kxg2 Qg5+ 45. Qg4 Qd5+ 46. R6e4 Qd2+ 47. R1e2 1-0


[Site "https://www.chess.com"]